 Dungeon Crawl Stone Soup version 0.30.1-4-g462c640d31 (webtiles) character file.

Game seed: 986986961430253177

26 Gabide the Magician (level 2, 0/17 (23) HPs)
             Began as a Mummy Reaver on Sept 2, 2023.
             Slain by a gnoll
             ... wielding a +2 rapier of venom
              (3 damage)
             ... on level 2 of the Dungeon.
             The game lasted 00:04:12 (1395 turns).

Gabide the Magician (Mummy Reaver)                  Turns: 1395, Time: 00:04:15

HP:   0/17 (23)     AC:  3    Str: 15    XL:     2   Next: 89%
MP:   4/6           EV: 11    Int: 12    God:
Gold: 71            SH:  0    Dex: 10    Spells: 4/7 levels left

rFire   x . .        a - +0 hand axe
rCold   + + .        (no shield)
rNeg    + + +        b - +0 leather armour
rPois   ∞            (no helmet)
rElec   .            (no cloak)
rCorr   .            (no gloves)
SInv    .            (no boots)
Will    .....        (no amulet)
Stlth   +            e - ring of wizardry
HPRegen 0.22/turn    g - ring of protection from cold
MPRegen 0.10/turn

%: faith, wizardry (x1)
@: immotile, very heavily drained
A: cold resistance 1, negative energy resistance 3, torment resistance 2, heat
vulnerability 1, no potions, faith
a: no special abilities


You were on level 2 of the Dungeon.
You visited 1 branch of the dungeon, and saw 2 of its levels.

You collected 71 gold pieces.

Inventory:

Hand Weapons
 a - a +0 hand axe (weapon)
Armour
 b - a +0 leather armour (worn)
Jewellery
 e - a ring of wizardry (left hand)
 g - a ring of protection from cold (right hand)
Scrolls
 c - a scroll of identify
 d - a scroll of immolation
 f - a scroll of summoning


   Skills:
 + Level 2.3 Fighting
 + Level 2.6 Axes
 + Level 1.9 Dodging
 - Level 3.0 Spellcasting
 + Level 2.6 Conjurations


You had 4 spell levels left.
You knew the following spells:

 Your Spells              Type           Power      Damage    Failure   Level
a - Kiss of Death         Conj/Necr      16%        2d6       8%          1
b - Momentum Strike       Conj/Tloc      8%         3d8       11%         2

Your spell library contained the following spells:

 Spells                   Type           Power      Damage    Failure   Level
 Slow                     Hex            4%         N/A       12%         1
 Hailstorm                Conj/Ice       4%         3d4       21%         3
 Confusing Touch          Hex            1%         N/A       32%         3
 Vampiric Draining        Necr           1%         2d6       32%         3


Dungeon Overview and Level Annotations

Branches:
Dungeon (2/15)

Altars:


Innate Abilities, Weirdness & Mutations

You are immune to poison.
Your flesh is cold resistant. (rC+)
You are immune to negative energy. (rN+++)
You are immune to unholy pain and torment.
You are vulnerable to heat. (rF-)
You do not drink.
You have a special connection with the divine. (Faith)


Message History

You open the door.
There is an open door here.
You pick up a book of Debilitation and begin reading...
You add the spells Slow, Vampiric Draining and Confusing Touch to your library.
g - a ring of protection from cold (right hand)
You open the door.
There is an open door here.
You now have 71 gold pieces (gained 16).
Found a stone staircase leading down.
There is a stone staircase leading down here.
There is an open door here.
You open the door.
The gnoll shouts! x2; You hear a shout!
Press: ? - help, v - describe, . - travel
Here: a gnoll, wielding a +2 rapier of venom The floor.
Unknown command.
Unknown command.
Casting: Kiss of Death (safe; 8% risk of failure)
Confirm with . or Enter, or press ? or * to list all spells.
Okay, then.
There is an open door here.
You hit the gnoll.
The gnoll is heavily wounded.
The gnoll misses you. The gnoll closely misses you.
You hit the gnoll. Your punch misses the gnoll.
The gnoll is almost dead.
The gnoll hits you with a +2 rapier of venom!
The gnoll hits you from afar with a +0 halberd!
* * * LOW HITPOINT WARNING * * *
Casting: Kiss of Death (safe; 8% risk of failure)
Confirm with . or Enter, or press ? or * to list all spells.
Aiming: Momentum Strike (safe; 11% risk of failure)
Press: ? - help, Dir - move target, f - gnoll
Aim: a gnoll, wielding a +0 halberd (72% to hit)
The concentrated momentum hits the gnoll!
The gnoll is almost dead.
You are unable to move.
The gnoll hits you with a +2 rapier of venom.
You die...

#####
....##################
....................>#
..#.################.#
#+#'####...# #.#
....^......# #.#
...........#########.#
...........'..gg@....#
...........#########.#
....#+#.........# #.#
##......###.....####.#
#......# #.....#....#
#......# #.......####
#......# #####..##
#.....g# #..# #.....g#
##..#


You could see 2 gnolls.

Vanquished Creatures
  6 bats
  2 endoplasms (D:1)
  2 giant cockroaches
  A goblin (D:2)
  3 hobgoblins
  3 kobolds (D:1)
  A quokka (D:1)
  4 ball pythons
  A frilled lizard (D:2)
  2 rats
25 creatures vanquished.

Notes
Turn   | Place    | Note
-------+----------+-------------------------------------------
     0 | D:1      | Gabide the Mummy Reaver began the quest for the Orb.
     0 | D:1      | Reached XP level 1. HP: 16/16 MP: 4/4
   301 | D:1      | Reached XP level 2. HP: 18/22 MP: 5/5
   534 | D:1      | Reached skill level 3 in Spellcasting
   609 | D:1      | Found a faded altar of an unknown god.
  1117 | D:2      | Learned a level 2 spell: Momentum Strike
  1395 | D:2      | Slain by a gnoll

Illustrated notes

Levels and vault maps discovered:
D:1:      tarquinn_simple_flora_water_a, layout_basic,
          hellmonk_ecumenical_altar_heavens_door, minmay_misc_feat_diagonals,
          minmay_close_crescents
D:2:      layout_basic

Skill      XL: |  1  2 |
---------------+-------+-----
Spellcasting   | 3 |  3.0
Fighting       | |  2.3
Axes           | |  2.6
Dodging        | |  1.9
Conjurations   | |  2.6

Action                     || total
---------------------------++-------
  Melee: Hand axe          ||    78
         Punch             ||     2
   Cast: Kiss of Death     ||     2
         Momentum Strike   ||     1
    Use: Scroll            ||     2
 Armour: Leather armour    ||    35
  Dodge: Dodged            ||    55
